 Dungeon Crawl Stone Soup version 0.30-a0-637-gacddeb6d44 (webtiles) character file.

Game seed: 18165636220081697803

13 Armakuni the Conjurer (level 2, -1/20 HPs)
             Began as a Meteoran Conjurer on Jan 15, 2023.
             Slain by a kobold
             ... wielding a +1 short sword of electrocution
              (19 damage)
             ... on level 1 of the Dungeon.
             The game lasted 00:02:00 (432 turns).

Armakuni the Conjurer (Meteoran Conjurer)            Turns: 432, Time: 00:02:01

Health: -1/20      AC:  6    Str:  8    XL:     2   Next: 70%
Magic:  7/7        EV: 11    Int: 19    God:
Gold:   24         SH:  0    Dex: 12    Spells: 4/7 levels left

rFire   . . .      SeeInvis .    a - +2 trident (flame)
rCold   . . .      Faith    .    (no shield)
rNeg    . . .      Spirit   .    c - +3 leather armour
rPois   .          Reflect  .    (no helmet)
rElec   .          Harm     .    (no cloak)
rCorr   .          Rampage  .    (no gloves)
Will    .....                    (no boots)
Stlth   +                        (no amulet)
HPRegen 0.23/turn                (no ring)
MPRegen 0.10/turn                (no ring)

@: glowing
A: sense surroundings 1, otherworldly, glowing, explore regen
a: no special abilities


You were on level 1 of the Dungeon.
You visited 1 branch of the dungeon, and saw 3 of its levels.

You collected 24 gold pieces.

Inventory:

Hand Weapons
 a - a +2 trident of flaming (weapon)
Missiles
 g - 3 javelins
Armour
 c - a +3 leather armour (worn)
 e - a +0 robe
Scrolls
 h - 3 scrolls of identify {unknown}
Potions
 b - a potion of magic
 d - a potion of ambrosia {unknown}
 f - a potion of degeneration {unknown}


   Skills:
 - Level 2.4 Dodging
 - Level 1.4 Stealth
 + Level 3.3 Spellcasting
 + Level 5.2 Conjurations


You had 4 spell levels left.
You knew the following spells:

 Your Spells              Type           Power      Damage    Failure   Level
a - Magic Dart            Conj           88%        1d7       2%          1
z - Searing Ray           Conj           44%        2d6       3%          2

Your spell library contained the following spells:

 Spells                   Type           Power      Damage    Failure   Level
 Dazzling Flash           Conj/Hex       26%        N/A       22%         3
 Frozen Ramparts          Ice            6%         1d1       54%         3
 Ozocubu's Armour         Ice            3%         N/A       54%         3
 Fulminant Prism          Conj/Hex       6%         3d6       58%         4
 Iskenderun's Mystic Bla  Conj/Tloc      13%        2d5       58%         4
 Ice Form                 Ice/Tmut       3%         N/A       91%         4
 Summon Ice Beast         Ice/Summ       3%         N/A       91%         4
 Metabolic Englaciation   Hex/Ice        1%         N/A       99%         5
 Simulacrum               Ice/Necr       1%         N/A       100%        6


Dungeon Overview and Level Annotations

Branches:
Dungeon (3/15) Zot: 1366

Altars:


Innate Abilities, Weirdness & Mutations

You passively map a small area around you.
You are easily found by Zot.
You glow in the dark.
You regain HP and MP as you explore.


Message History

g - 3 javelins
Found 7 gold pieces.
You now have 24 gold pieces (gained 7).
Found 3 scrolls labelled SIM RAIVAXTI.
A dart slug comes into view.
The dart slug launches a dart at you. The slug dart hits you.
The dart slug launches a dart at you.
The slug dart hits you but does no damage.
Aiming: Magic Dart (safe; 2% risk of failure)
Press: ? - help, Q - select action, (/) - cycle Shift-Dir - straight line, f - dart slug
Aim: a dart slug (100% to hit)
The magic dart hits the dart slug.
The dart slug is severely wounded.
Aiming: Magic Dart (safe; 2% risk of failure)
Press: ? - help, Q - select action, (/) - cycle Shift-Dir - straight line, f/p - dart slug
Aim: a dart slug (severely wounded, 100% to hit)
The magic dart hits the dart slug.
The dart slug is almost dead.
Aiming: Magic Dart (safe; 2% risk of failure)
Press: ? - help, Q - select action, (/) - cycle Shift-Dir - straight line, f/p - dart slug
Aim: a dart slug (almost dead, 100% to hit)
The magic dart hits the dart slug.
You kill the dart slug!
h - 3 scrolls labelled SIM RAIVAXTI
Found a stone staircase leading up.
Found a book of Rime.
There is a stone staircase leading up here.
You pick up a book of Rime and begin reading...
You add the spells Frozen Ramparts, Ice Form and Summon Ice Beast to your library.
There is a stone staircase leading up here.
Okay, then.
You climb upwards.
The kobold shouts!
The kobold hits you with a +1 short sword of electrocution.
There is a stone staircase leading down here.
The kobold hits you with a +1 short sword of electrocution.
You are electrocuted!!
Ouch! That really hurt!
You die...

### * #.# *
..# , , #.#
#.# , #.# *
,#.#######
##### #
,*,#@.......
,....... *
#>K......,
......# *
#.r....##
#...... *
,##...^..#
.####. *
....#.. **
## *, ###.#
# * # * , ,
... , # ,
### *, # ,
..


You could see a kobold and a rat.

Vanquished Creatures
  A dart slug (D:2)
  An endoplasm (D:2)
  2 giant cockroaches
  2 goblins
  A hobgoblin (D:1)
  A bat (D:1)
  2 rats
10 creatures vanquished.

Notes
Turn   | Place    | Note
-------+----------+-------------------------------------------
     0 | D:1      | Armakuni the Meteoran Conjurer began the quest for the Orb.
     0 | D:1      | Reached XP level 1. HP: 14/14 MP: 5/5
   186 | D:1      | Reached skill level 5 in Conjurations
   203 | D:1      | Reached XP level 2. HP: 19/20 MP: 5/7
   284 | D:3      | Learned a level 2 spell: Searing Ray
   432 | D:1      | Slain by a kobold

Illustrated notes

Levels and vault maps discovered:
D:1:      lightli_arrival_statuegarden, layout_basic, serial_shops, shop
D:2:      layout_loops_ring, basic_altar, kennysheep_generic_room_2
D:3:      kb_forest_paths, layout_basic, nicolae_yredelemnul_corpse_copse,
          lemuel_round_altar, uniq_ijyb

Skill      XL: |  1 |
---------------+----+-----
Conjurations   | 5 |  5.2
Spellcasting   | 3 |  3.3
Dodging        | |  2.4
Stealth        | |  1.4

Action                   || total
-------------------------++-------
 Cast: Magic Dart        ||    19
Armor: Leather armour    ||     3
       Robe              ||     1
Dodge: Dodged            ||     2

Table legend: (Time is in decaauts)
 A = Elapsed time spent in this place.
 B = Non-inter-level travel time spent in this place.
 C = Inter-level travel time spent in this place.
 D = Time resting spent in this place.
 E = Time spent auto-exploring this place.
 F = Levels seen in this place.
 G = Mean time per level.
                   A        B        C        D        E       F      G
               +--------+--------+--------+--------+--------+-----+--------+
         Total |    432 |    419 |     13 |     85 |     15 |   3 |  144.0 |
       Dungeon |    432 |    419 |     13 |     85 |     15 |   3 |  144.0 |
               +--------+--------+--------+--------+--------+-----+--------+

Top non-repeatable levels by time:
     D:2: 205 daAuts
     D:1: 175 daAuts
     D:3: 51 daAuts
